 Dungeon Crawl Stone Soup version 0.31-a0-1591-g515db51633 (webtiles) character file.

Game seed: 3897656092210056299

2562 Atlas the Grappler (level 9, 0/121 HPs)
             Began as a Troll Shapeshifter on Jan 6, 2024.
             Was an Initiate of Gozag.
             Slain by an orc knight
             ... wielding a +0 war axe
              (13 damage)
             ... in a bailey.
             The game lasted 00:09:23 (3813 turns).

Atlas the Grappler (Troll Shapeshifter)             Turns: 3813, Time: 00:09:24

Health: 0/121      AC: 24    Str: 28    XL:     9   Next: 31%
Magic:  8/8        EV:  1    Int:  6    God:    Gozag
Gold:   499        SH:  5    Dex:  9    Spells: 8/8 levels left

rFire   . .          .
                       - Unarmed
rCold   . . .        (no shield)
rNeg    . . .        a - melded +0 animal skin
rPois   +            (helmet currently unavailable)
rElec   .            (cloak currently unavailable)
rCorr   .            (gloves unavailable)
SInv    .            (boots unavailable)
Will    .....        e - amulet of reflection
Stlth   +            (no ring)
HPRegen 1.20/turn    (no ring)
MPRegen 0.11/turn

%: reflection
@: mighty, tree-form
A: stationary, stasis, torment immunity, boosted hp, large, unfitting armour,
(claws 3), regeneration 1, (shaggy fur 1), (tough skin 1)
a: Renounce Religion, Potion Petition, Call Merchant, Bribe Branch


You were in a bailey.
You worshipped Gozag.
Gozag was aware of your devotion.
You were a tree.
You visited 1 branch of the dungeon, and saw 7 of its levels.
You also visited: Bailey.

You collected 809 gold pieces.
You spent 252 gold pieces at shops.
You paid 58 gold pieces to Gozag.

Inventory:

Missiles
 g - 6 javelins (quivered)
 o - 2 throwing nets
Armour
 a - a +0 animal skin (melded)
Jewellery
 e - an amulet of reflection (around neck)
 x - a ring of magical power
Talismans
 c - a beast talisman
 d - a flux talisman
Wands
 y - a wand of iceblast (19)
Scrolls
 f - a scroll of poison
 i - a scroll of summoning {unknown}
 j - 3 scrolls of teleportation
 k - 2 scrolls of immolation {unknown}
 m - a scroll of noise {unknown}
 p - a scroll of blinking {unknown}
 t - a scroll of enchant weapon {unknown}
 u - a scroll of revelation {unknown}
 v - a scroll of enchant armour {unknown}
 w - a scroll of fog {unknown}
Potions
 b - a potion of lignification
 h - 3 potions of cancellation
 l - a potion of degeneration
 n - a potion of haste {unknown}
 r - 2 potions of mutation
 z - a potion of invisibility {unknown}


   Skills:
 + Level 3.0 Fighting
 + Level 3.8 Dodging
 - Level 1.1 Stealth
 + Level 2.9 Shields
 + Level 9.3 Unarmed Combat
 * Level 6.2 Shapeshifting


You had 8 spell levels left.
You didn't know any spells.
Your spell library contained the following spells:

 Spells                   Type           Power      Damage    Failure   Level
 Apportation              Tloc           0%         N/A       45%         1
 Sandblast                Erth           0%         2d4       45%         1
 Jinxbite                 Hex            0%         N/A       58%         2
 Dazzling Flash           Conj/Hex       0%         N/A       83%         3
 Mephitic Cloud           Conj/Alch/Air  0%         N/A       83%         3
 Passwall                 Erth           0%         N/A       83%         3
 Stone Arrow              Conj/Erth      0%         3d7       83%         3
 Brom's Barrelling Bould  Conj/Erth      0%         2d3       99%         4
 Alistair's Intoxication  Alch           0%         N/A       100%        5
 Curse of Agony           Necr           0%         N/A       100%        5
 Fireball                 Conj/Fire      0%         3d3       100%        5
 Iskenderun's Battlesphe  Conj           0%         2d6       100%        5
 Silence                  Hex/Air        0%         N/A       100%        5
 Conjure Ball Lightning   Conj/Air       0%         3x3d6     100%        6
 Orb of Destruction       Conj           0%         9d5       100%        7


Dungeon Overview and Level Annotations

Branches:
Dungeon (7/15)             Temple (0/1) D:5          Bailey (1/1)

Altars:
Cheibriados
Gozag
Hepliaklqana
Kikubaaqudgha
Nemelex Xobeh
Okawaru
Uskayaw
Vehumet
Wu Jian
The Shining One

Shops:
D:1 [   D:5 (

Annotations:
D:5 2 transporters, pigah's ghost, novice OpSh
D:7 Maggie


Innate Abilities, Weirdness & Mutations

You are a tree.
Your roots penetrate the ground, keeping you stationary.
You cannot be teleported.
You are immune to unholy pain and torment.
Your maximum health is greatly increased.
Your equipment is partially melded.
You are too large for most types of armour.
((You have claws for hands.))
Your natural rate of healing is unusually fast.
((You are covered in fur. (AC +1)))
((You have tough skin. (AC +1)))


Message History

You closely miss the orc knight.
The orc knight is heavily wounded.
The goblin closely misses you.
The orc knight hits you with a +0 war axe!
* * * LOW HITPOINT WARNING * * *
Unknown command.
Your transformation has ended.
You turn into a tree.
Your +0 animal skin melds into your body.
Your roots penetrate the ground.
You block the goblin's attack.
The orc knight hits you with a +0 war axe.
* * * LOW HITPOINT WARNING * * *
Unknown command.
You miss the orc knight.
The orc knight is heavily wounded.
The goblin hits you but does no damage. You block the orc knight's attack.
You closely miss the orc knight.
The orc knight is heavily wounded.
You block the goblin's attack.
You closely miss the orc knight.
The orc knight is heavily wounded.
The orc knight hits you with a +0 war axe.
* * * LOW HITPOINT WARNING * * *
You block the goblin's attack.
You closely miss the orc knight. You punch the orc knight.
The orc knight is heavily wounded.
The orc knight hits you with a +0 war axe!
* * * LOW HITPOINT WARNING * * *
Unknown command.
You feel better. You block the orc knight's attack.
You feel better. The goblin hits you but does no damage.
The orc knight hits you with a +0 war axe!
* * * LOW HITPOINT WARNING * * *
The goblin hits you with a +0 war axe.
* * * LOW HITPOINT WARNING * * *
You feel very mighty all of a sudden. The goblin hits you but does no damage.
The orc knight hits you with a +0 war axe!
You die...
Your body crumbles into a pile of gold.

#......)....#.....
###.........##..... .
###.###.....###♣.....
g. ###.....#'#.###
♣♣♣.♣♣ ...
##....)....### ♣♣♣
.... #...........#
..... #......))...#
⌠.....#...).g.....#
......$.....o♣....#
......#......g....#
...o. ##.........##
...# ###.....### .#
###.### ###


You could see an orc knight and 2 goblins.

Vanquished Creatures
  A wyvern (D:7)
  Menkaure (D:5)
  Edmund (D:5)
  Duvessa (D:5)
  2 water moccasins
  2 black bears
  A sky beast (D:6)
  A kobold brigand (D:7)
  2 scorpions
  9 wights
  Dowan (D:5)
  3 killer bees (D:7)
  A howler monkey (D:6)
  3 hounds (D:5)
  2 bombardier beetles
  4 jellies (D:6)
  An orc priest (D:4)
  3 iguanas
  2 sleepcaps (D:6)
  5 adders
  12 gnolls
  A shadow imp (D:7)
  3 white imps (D:6)
  2 ufetubi (D:5)
  2 dart slugs
  2 ribbon worms
  10 orcs
  5 endoplasms
  3 giant cockroaches
  9 goblins
  3 hobgoblins
  12 kobolds
  6 quokkas
  3 training dummies (D:5)
  7 ball pythons
  6 bats
  2 frilled lizards
  3 rats
137 creatures vanquished.

Notes
Turn   | Place    | Note
-------+----------+-------------------------------------------
     0 | D:1      | Atlas the Troll Shapeshifter began the quest for the Orb.
     0 | D:1      | Reached XP level 1. HP: 18/18 MP: 0/0
    68 | D:1      | Found Golyxam's Antique Armour Emporium.
    90 | D:1      | Reached XP level 2. HP: 26/26 MP: 1/1
   466 | D:2      | Found a hazy altar of Hepliaklqana.
   614 | D:2      | Reached XP level 3. HP: 27/32 MP: 2/2
   991 | D:3      | Reached skill level 1 in Fighting
   991 | D:3      | Reached XP level 4. HP: 26/41 MP: 3/3
   996 | D:3      | Reached skill level 4 in Unarmed Combat
  1383 | D:3      | Found an opulent altar of Gozag.
  1393 | D:3      | Became a worshipper of Gozag Ym Sagoz the Greedy
  1624 | D:4      | Noticed a scorpion
  1628 | D:4      | Killed a scorpion
  1629 | D:4      | Reached XP level 5. HP: 48/48 MP: 4/4
  1733 | D:4      | Found a snail-covered altar of Cheibriados.
  1785 | D:4      | Reached skill level 1 in Shields
  1785 | D:4      | Reached skill level 5 in Unarmed Combat
  1785 | D:4      | Reached XP level 6. HP: 40/55 MP: 5/5
  1785 | D:4      | Identified the +4 dagger of Extinguishment {protect, rC++
                  | Will- Str+5}
  1974 | D:4      | Found a hide-covered altar of Uskayaw.
  1974 | D:4      | Found a sparkling altar of Nemelex Xobeh.
  2059 | D:5      | Entered Level 5 of the Dungeon
  2141 | D:5      | Found a staircase to the Ecumenical Temple.
  2150 | D:5      | Found Soecweud's Firing Range.
  2187 | D:5      | Bought 6 javelins for 252 gold pieces
  2195 | D:5      | Noticed Dowan
  2200 | D:5      | Noticed Duvessa
  2214 | D:5      | Killed Duvessa
  2222 | D:5      | Killed Dowan
  2223 | D:5      | Reached XP level 7. HP: 26/63 MP: 6/6
  2320 | D:5      | Found a transporter.
  2321 | D:5      | Noticed pigah's ghost (novice OpSh)
  2341 | D:5      | Noticed Menkaure
  2349 | D:5      | Killed Menkaure
  2350 | D:5      | Reached skill level 6 in Unarmed Combat
  2511 | D:5      | Noticed Edmund
  2533 | D:5      | Killed Edmund
  2534 | D:5      | Reached skill level 1 in Stealth
  2534 | D:5      | Reached skill level 5 in Shapeshifting
  2558 | D:5      | Found an ancient bone altar of Kikubaaqudgha.
  2564 | D:5      | Found an iron altar of Okawaru.
  2585 | D:5      | Found a glowing golden altar of the Shining One.
  2649 | D:5      | Found a transporter.
  2754 | D:6      | Reached XP level 8. HP: 64/72 MP: 7/7
  2773 | D:6      | Reached skill level 7 in Unarmed Combat
  3031 | D:6      | Reached skill level 8 in Unarmed Combat
  3173 | D:6      | Found a radiant altar of Vehumet.
  3304 | D:6      | Found an ornate altar of the Wu Jian Council.
  3475 | D:7      | Reached XP level 9. HP: 63/80 MP: 8/8
  3543 | D:7      | Reached skill level 9 in Unarmed Combat
  3582 | D:7      | Found a flagged portal.
  3640 | D:7      | Noticed Maggie
  3684 | Bailey   | Entered a bailey
  3787 | Bailey   | Noticed an orc knight
  3810 | Bailey   | HP: 4/121 [orc knight/+0 war axe (10)]
  3813 | Bailey   | Slain by an orc knight

Illustrated notes

Levels and vault maps discovered:
D:1:      tarquinn_simple_flora_water_b, layout_rooms, serial_shops, shop
D:2:      layout_rooms, basic_altar
D:3:      layout_loops_ring, grunt_gozag_statues
D:4:      layout_rooms, mainiacjoe_overflow_tiny_flanked,
          mainiacjoe_overflow_large_starburst, serial_glass, glass_columns_a,
          glass_columns_a, glass_columns_b, glass_columns_b,
          minmay_strange_pillars, item_on_display_a, minmay_strange_pillars
D:5:      layout_rooms, minmay_overflow_temple_star_quad, temple_statues,
          gammafunk_ghost_mausoleum, nicolae_shop_firing_range, uniq_edmund,
          uniq_duvessa, uniq_menkaure
D:6:      layout_rooms, nicolae_overflow_hidden_temple, lemuel_round_altar
D:7:      layout_cave_pools, enter_bailey_5, minmay_misc_feat_pillars,
          chequers_serial_rivers_micro_c, uniq_maggie
Bailey:   bailey_axe_minmay_hex_keep, bailey

Skill      XL: |  1  2  3  4  5  6  7  8  9 |
---------------+----------------------------+-----
Dodging        | 2 3 |  3.8
Fighting       | 1 2 3 |  3.0
Unarmed Combat | 4 5 6 8 9 |  9.3
Shapeshifting  | 4 5 6 |  6.2
Shields        | 1 2 |  2.9
Stealth        | 1 |  1.1

Action                     |  1- 3 |  4- 6 |  7- 9 || total
---------------------------+-------+-------+-------++-------
  Melee: Unarmed           |    72 |   110 |   196 ||   378
         Punch             |       |     3 |     6 ||     9
    Use: Scroll            |       |     2 |     7 ||     9
         Potion            |       |       |     4 ||     4
   Stab: Sleeping          |       |     1 |       ||     1
 Armour: Animal skin       |    58 |    46 |   121 ||   225
         Skin              |       |       |     9 ||     9
  Dodge: Dodged            |    24 |    32 |    72 ||   128
  Block: Other             |     9 |    19 |    50 ||    78
         Reflection        |       |     1 |     1 ||     2

Table legend: (Time is in decaauts)
 A = Elapsed time spent in this place.
 B = Non-inter-level travel time spent in this place.
 C = Inter-level travel time spent in this place.
 D = Time resting spent in this place.
 E = Time spent auto-exploring this place.
 F = Levels seen in this place.
 G = Mean time per level.
                   A        B        C        D        E       F      G
               +--------+--------+--------+--------+--------+-----+--------+
         Total |   3768 |   3622 |    146 |     64 |   2562 |   8 |  471.0 |
       Dungeon |   3644 |   3498 |    146 |     33 |   2531 |   7 |  520.6 |
        Bailey |    124 |    124 |      0 |     31 |     31 |   1 |  124.0 |
               +--------+--------+--------+--------+--------+-----+--------+

Top non-repeatable levels by time:
     D:3: 714 daAuts
     D:6: 688 daAuts
     D:5: 678 daAuts
     D:1: 464 daAuts
     D:2: 438 daAuts
     D:4: 431 daAuts
     D:7: 229 daAuts
  Bailey: 124 daAuts
